 Dungeon Crawl Stone Soup version 0.30-a0-591-g3c58d2bc28 (webtiles) character file.

Game seed: 11730984459803782768

51 wormed the Insei (level 3, -1/23 HPs)
             Began as an Octopode Transmuter on Jan 5, 2023.
             Succumbed to a scorpion's poison
             ... on level 3 of the Dungeon.
             The game lasted 00:02:45 (1769 turns).

wormed the Insei (Octopode Transmuter)              Turns: 1769, Time: 00:02:45

Health: -1/23      AC:  1    Str:  9    XL:     3   Next: 83%
Magic:  6/6        EV: 13    Int: 17    God:
Gold:   175        SH:  0    Dex: 12    Spells: 5/6 levels left

rFire   . . .      SeeInvis .      - Unarmed
rCold   + . .      Faith    .    (no shield)
rNeg    . . .      Spirit   .    (helmet currently unavailable)
rPois   .          Reflect  .    (no amulet)
rElec   .          Harm     .    b - ring of protection from cold
rCorr   .          Rampage  .    l - ring of wizardry
Will    .....                    (no ring)
Stlth   ++                       (no ring)
HPRegen 0.23/turn                (no ring)
MPRegen 0.10/turn                (no ring)
                                 (no ring)
                                 (no ring)

@: lethally poisoned (-1 -> -23), appendages (expiring)
A: tentacle spike 3, almost no armour, amphibious, 8 rings, camouflage 1,
gelatinous body 1, (nimble swimmer 1), tentacles
a: End Transformation


You were on level 3 of the Dungeon.
One of your tentacles had grown a beastly spike.
You visited 1 branch of the dungeon, and saw 5 of its levels.

You collected 175 gold pieces.

Inventory:

Jewellery
 b - a ring of protection from cold (left tentacle)
 l - a ring of wizardry (right tentacle)
Scrolls
 d - a scroll of teleportation {unknown}
 f - 3 scrolls of poison {unknown}
 h - a scroll of identify {unknown}
 k - a scroll of fear {unknown}
 n - a scroll of fog {unknown}
 o - a scroll of noise {unknown}
 p - a scroll of blinking {unknown}
Potions
 a - 2 potions of lignification
 c - a potion of haste {unknown}
 e - a potion of attraction {unknown}
 g - 2 potions of heal wounds {unknown}
 i - a potion of curing {unknown}
 j - a potion of flight {unknown}
 m - a potion of ambrosia {unknown}
 q - a potion of mutation {unknown}


   Skills:
 + Level 1.4 Fighting
 + Level 2.2 Dodging
 + Level 3.2 Unarmed Combat
 + Level 2.3 Spellcasting
 * Level 2.8 Transmutations
 + Level 1.0 Ice Magic


You had 5 spell levels left.
You knew the following spells:

 Your Spells              Type           Power      Damage    Failure   Level
a - Beastly Appendage     Tmut           22%        N/A       2%          1

Your spell library contained the following spells:

 Spells                   Type           Power      Damage    Failure   Level
 Wereblood                Tmut           11%        N/A       3%          2
 Spider Form              Tmut/Pois      6%         N/A       12%         3
 Ice Form                 Ice/Tmut       8%         N/A       32%         4


Dungeon Overview and Level Annotations

Branches:
Dungeon (5/15)
 Temple: D:4-7

Altars:
Wu Jian

Annotations:
D:2 1 runed translucent door, Crazy Yiuf, Sigmund


Innate Abilities, Weirdness & Mutations

One of your tentacles has grown a beastly spike.
You cannot wear most types of armour.
You are amphibious.
You can wear up to eight rings at the same time.
Your skin changes colour to match your surroundings (Stealth+).
Your rubbery body absorbs attacks. (AC +1, EV +1)
((You are camouflaged when in or above water. (Stealth+)))
You have tentacles for arms and can constrict up to eight enemies at once.


Message History

You tentacle-slap the scorpion.
The scorpion is moderately wounded.
You constrict the scorpion, but do no damage.
The scorpion completely misses you.
You tentacle-slap the scorpion but do no damage.
You pierce the scorpion, but do no damage.
The scorpion is moderately wounded.
Your transformation is almost over.
You constrict the scorpion.
The scorpion stings you but does no damage.
You tentacle-slap the scorpion.
You pierce the scorpion, but do no damage.
You squeeze the scorpion, but do no damage.
The scorpion is heavily wounded.
You constrict the scorpion. The scorpion barely misses you.
You tentacle-slap the scorpion but do no damage.
Your tentacle spike misses the scorpion.
You squeeze the scorpion.
The scorpion is almost dead.
You constrict the scorpion, but do no damage.
The scorpion stings you.
You are lethally poisoned!
The scorpion poisons you!
You tentacle-slap the scorpion but do no damage.
You pierce the scorpion, but do no damage.
The scorpion is almost dead.
You constrict the scorpion.
You feel very sick. The scorpion barely misses you. x2
You tentacle-slap the scorpion but do no damage.
The scorpion is almost dead.
You constrict the scorpion.
* * * LOW HITPOINT WARNING * * *
You feel sick. The scorpion stings you.
* * * LOW HITPOINT WARNING * * *
You are more poisoned.
The scorpion poisons you!
You tentacle-slap the scorpion.
You kill the scorpion!
You die...

###...#..#
######....#########
#.........(........
#.#####..##########
#.#.....>..........
#.#.###############
#.#...............^
#.#################
#.@†......
##########


There were no monsters in sight!

Vanquished Creatures
  A scorpion (D:3)
  An adder (D:2)
  2 dart slugs
  2 orcs (D:3)
  3 ball pythons
  An endoplasm (D:2)
  A giant cockroach (D:1)
  8 goblins
  A hobgoblin (D:3)
  2 quokkas
  A bat (D:1)
  3 frilled lizards
  5 kobolds
  4 rats
35 creatures vanquished.

Notes
Turn   | Place    | Note
-------+----------+-------------------------------------------
     0 | D:1      | wormed the Octopode Transmuter began the quest for the Orb.
     0 | D:1      | Reached XP level 1. HP: 13/13 MP: 3/3
    72 | D:1      | Reached XP level 2. HP: 14/18 MP: 5/5
   646 | D:2      | Found a runed translucent door.
   647 | D:2      | Noticed Crazy Yiuf
   775 | D:2      | Reached XP level 3. HP: 14/23 MP: 4/6
   776 | D:2      | Noticed Sigmund
   899 | D:3      | Reached skill level 1 in Ice Magic
   974 | D:3      | Found an ornate altar of the Wu Jian Council.
  1397 | D:3      | You fall into a shaft and drop 2 floors!
  1397 | D:5      | Entered Level 5 of the Dungeon
  1419 | D:5      | Noticed a scorpion
  1426 | D:4      | Noticed a phantom
  1722 | D:3      | Noticed a scorpion
  1769 | D:3      | Killed a scorpion
  1769 | D:3      | Succumbed to a scorpion's poison

Illustrated notes

Levels and vault maps discovered:
D:1:      lightli_arrival_chessboard, layout_rooms, serial_glass,
          glass_columns_a, glass_columns_a, glass_columns_a, glass_columns_a,
          glass_columns_a, glass_columns_c, glass_columns_a, glass_columns_c,
          dreamdust_mushroom_princess, minmay_nonomino_d4
D:2:      layout_loops_corners, uniq_sigmund, uniq_crazy_yiuf_cottage
D:3:      layout_basic, nicolae_wu_jian_glorious_leap
D:4:      layout_rooms, lemuel_doored_altar, minmay_overflow_temple_star_hex,
          minmay_temple_entry_hall, uniq_blork_the_orc
D:5:      layout_gridville, okawaru_metal_pillars_1_2, lightli_church_of_beogh

Skill      XL: |  1  2  3 |
---------------+----------+-----
Ice Magic      | 1 |  1.0
Fighting       | |  1.4
Dodging        | |  2.2
Unarmed Combat | |  3.2
Spellcasting   | |  2.3
Transmutations | |  2.8

Action                   || total
-------------------------++-------
Melee: Unarmed           ||    66
       Constrict         ||    22
       Tentacles         ||    15
       Kick              ||    25
       Punch             ||     1
 Cast: Beastly Appendage ||    31
 Stab: Sleeping          ||     2
Armor: Skin              ||     1
Dodge: Dodged            ||    39

Table legend: (Time is in decaauts)
 A = Elapsed time spent in this place.
 B = Non-inter-level travel time spent in this place.
 C = Inter-level travel time spent in this place.
 D = Time resting spent in this place.
 E = Time spent auto-exploring this place.
 F = Levels seen in this place.
 G = Mean time per level.
                   A        B        C        D        E       F      G
               +--------+--------+--------+--------+--------+-----+--------+
         Total |   1763 |   1742 |     21 |      0 |   1358 |   5 |  352.6 |
       Dungeon |   1763 |   1742 |     21 |      0 |   1358 |   5 |  352.6 |
               +--------+--------+--------+--------+--------+-----+--------+

Top non-repeatable levels by time:
     D:3: 838 daAuts
     D:1: 454 daAuts
     D:2: 433 daAuts
     D:5: 28 daAuts
     D:4: 7 daAuts
